 Dungeon Sprint DCSS version 0.17-a0-2215-g49c1de0 (webtiles) character file.

65377 Kidiri the Unseen (level 13, -21/68 HPs)
             Began as a Spriggan Enchanter on Oct 27, 2015.
             Was the Champion of Dithmenos.
             Killed from afar by a deep elf annihilator (62 damage)
             ... with a crystal spear
             ... in the Dungeon (Sprint III: "The Ten Rune Challenge").
             The game lasted 00:30:12 (5316 turns).

Kidiri the Unseen (Spriggan Enchanter)              Turns: 5316, Time: 00:30:12

Health: -21/68     AC:  9    Str:  6    XL:     13   Next: 58%
Magic:  16/42      EV: 35    Int: 19    God:    Dithmenos [******]
Gold:   1476       SH:  0    Dex: 20    Spells: 11 memorised, 8 levels left

rFire  + . .     SeeInvis +     u - +10 short sword "Vuhu" {venom, +Fly rElec rF+ MP+9}
rCold  . . .     Clarity  .     b - +1 robe
rNeg   . . .     SustAt   .     (shield restricted)
rPois  .         Gourm    .     n - +2 hat {MR+}
rElec  +         Spirit   .     (no cloak)
rCorr  .         Warding  .     (gloves unavailable)
rMut   .         NoTele   +     (boots unavailable)
MR     +++..                    (no amulet)
Stlth  ++++++++++               (no ring)
                                k - ring of invisibility

@: lethally poisoned (-21 -> -23), flying, very slightly contaminated, wreathed
by umbra, invisible, very quick, extremely resistant to hostile enchantments,
uncannily stealthy
A: unfitting armour, hooves 1, rough black scales 1, see invisible, agile 1,
herbivore 3, speed 3, slow metabolism 2, strong 1, subdued magic 1
a: Shadow Step, Shadow Form, Renounce Religion, Turn Visible, Stop Flying
}: 2/10 runes: decaying, barnacled


You were in the Dungeon.
You worshipped Dithmenos.
Dithmenos was exalted by your worship.
You were hungry.

You visited 1 branch You collected 2106 gold pieces.
You spent 630 gold pieces at shops.

Inventory:

Hand Weapons
 u - the +10 short sword "Vuhu" (weapon) {venom, +Fly rElec rF+ MP+9}
   (You took it off a deep elf high priest in the Dungeon)

   It poisons the flesh of those it strikes.
   It protects you from fire.
   It insulates you from electricity.
   It affects your magic capacity (+9).
   It lets you fly.
Armour
 b - a +1 robe (worn)
 l - an ice dragon hide
 n - a +2 hat of magic resistance (worn)
Jewellery
 k - a ring of invisibility (left hand)
Wands
 c - a wand of invisibility (3)
Scrolls
 j - a scroll of blinking
 m - 2 scrolls of torment
 o - 3 scrolls of remove curse
 t - 5 scrolls of amnesia {unknown}
Potions
 e - 2 potions of curing
 f - a potion of agility {unknown}
 g - a potion of haste
 h - a potion of magic
 i - a potion of berserk rage
 p - 4 potions of cure mutation
 r - a potion of flight
Comestibles
 d - 6 fruits
 q - 26 royal jellies


   Skills:
 + Level 7.8 Fighting
 * Level 14.2 Short Blades
 + Level 7.1 Armour
 * Level 18.0 Dodging
 * Level 19.5 Stealth
 * Level 15.5 Spellcasting
 + Level 6.8 Conjurations
 + Level 11.5 Hexes
 + Level 12.1 Charms
 + Level 7.7 Necromancy
 + Level 11.9 Translocations
 + Level 7.9 Ice Magic
 + Level 1.9 Air Magic
 + Level 2.6 Poison Magic
 - Level 3.3 Invocations
 + Level 11.9 Evocations


You had 8 spell levels left.
You knew the following spells:

 Your Spells              Type           Power        Failure   Level  Hunger
a - Corona                Hex            #####..      0%          1    None
b - Ensorcelled Hibernat  Hex/Ice        ####..       0%          2    None
c - Confuse               Hex            #####...     0%          3    None
d - Tukima's Dance        Hex            #####...     0%          3    None
e - Dazzling Spray        Conj/Hex       ####....     1%          3    None
f - Spectral Weapon       Hex/Chrm       #####...     0%          3    None
g - Shroud of Golubria    Chrm/Tloc      #####.....   0%          2    None
h - Regeneration          Chrm/Necr      #####.....   1%          3    None
i - Mephitic Cloud        Conj/Pois/Air  ###.....     1%          3    None
j - Freezing Cloud        Conj/Ice/Air   ###.......   65%         6    #####..
k - Poisonous Cloud       Conj/Pois/Air  ###.......   92%         6    #####..


Dungeon Overview and Level Annotations

Branches:
Dungeon (1/1)

Altars:
Cheibriados
Dithmenos
Elyvilon
Fedhas
Gozag
Kikubaaqudgha
Makhleb
Nemelex Xobeh
Okawaru
Qazlal
Ru
Sif Muna
Trog
Vehumet
Xom
Yredelemnul
Zin
The Shining One
Jiyva
Lugonu

Shops:
D :(%(!}(


Innate Abilities, Weirdness & Mutations

You are tiny and cannot use many weapons and most armour.
You have supernaturally acute eyesight.
You are a herbivore.
You cover ground extremely quickly.
You need consume almost no food.
You have large cloven feet.
You are partially covered in rough black scales (AC +4, Dex -1).
You are agile. (Dex +2)
Your muscles are strong. (Str +2)
Your spells are a little easier to cast, but a little less powerful.


Message History

Aim: a deep elf annihilator, wielding a staff of poison and wearing an embroidered robe (moderately wounded, poisoned, umbra, chance to defeat MR: 1%)
The deep elf annihilator resists with almost no effort.
You feel sick.
The deep elf annihilator hits you with a staff of poison.
You are more poisoned.
You barely miss the deep elf annihilator.
Your kick misses the deep elf annihilator.
The deep elf annihilator is moderately wounded.
Your shadow hits the deep elf annihilator but does no damage.
The deep elf annihilator completely misses you.
Casting: Confuse
Confirm with . or Enter, or press ? or * to list all spells.
Aiming: Ensorcelled Hibernation
Press: ? - help, Shift-Dir - straight line, f/p - deep elf annihilator
Aim: a deep elf annihilator, wielding a staff of poison and wearing an embroidered robe (moderately wounded, poisoned, umbra, chance to defeat MR: 1%)
The deep elf annihilator resists with almost no effort.
The deep elf annihilator points at you and mumbles some strange words.
The crystal spear hits you!
Ouch! That really hurt!
You die...

########################
#...'(#...##....§§§§§")#
....#.#...##≈≈≈≈##§§##}#
...##)#...≈≈≈.....§[.#
...##(#[..##≈≈≈≈##..##}#
#####)'[.:##.[.e@....[/#
####################
######################
.#.+...+.#.#.#.+...≈≈#
.#.#...##.#.#.##...≈≈###
.#.#)..#.#.#.#.#...≈≈≈≈#
...#)).##.#.#.##...≈≈≈≈#
▓▓▓▓▓▓▓#.#.#.#.#.......#
.≈≈≈...##.#.#.##.......#


You could see a deep elf annihilator.

Vanquished Creatures
  Rupert (D)
  A deep elf blademaster (D)
  Gastronok (D)
  A kraken (D)
  Maud (D)
  2 dire elephants (D)
  2 deep elf annihilators (D)
  A deep elf death mage (D)
  A deep elf high priest (D)
  Josephine (D)
  3 hydras (D)
  4 ice dragons (D)
  A centaur warrior (D)
  3 alligator snapping turtles (D)
  4 death yaks (D)
  An orc high priest (D)
  An unseen horror (D)
  A spriggan druid (D)
  A deep elf summoner (D)
  A death drake (D)
  2 deep elf conjurers (D)
  A lindwurm (D)
  2 elephants (D)
  2 black mambas (D)
  2 spiny frogs (D)
  4 deep elf priests (D)
  A fire drake (D)
  A komodo dragon (D)
  3 wandering mushrooms (D)
  A queen bee (D)
  3 snapping turtles (D)
  8 blink frogs (D)
  A shadow (D)
  3 redbacks (D)
  2 spriggans (D)
  A spatial vortex (D)
  A hydra simulacrum (D)
  A swamp drake (D)
  2 orc warriors (D)
  A necrophage (D)
  2 centaurs (D)
  An earth elemental (D)
  2 brain worms (D)
  A water elemental (D)
  An electric eel (D)
  32 killer bees (D)
  A jelly (D)
  5 orc priests (D)
  3 orc wizards (D)
  Jessica (D)
  A wizard (D)
  3 humans (D)
  A necromancer (D)
  A kobold demonologist (D)
  2 swamp drake simulacra (D)
  A phantom (D)
  6 orcs (D)
  4 rats (D)
  A fungus (D)
143 creatures vanquished.

Vanquished Creatures (others)
  2 draconian scorchers (D)
  3 yaktaurs (D)
  3 fungi (D)
  3 plants (D)
  A spectral weapon (D)
  25 tentacles (D)
  426 tentacle segments (D)
463 creatures vanquished.

Grand Total: 606 creatures vanquished

Notes
Turn   | Place    | Note
--------------------------------------------------------------
     0 | D        | Kidiri the Spriggan Enchanter began the quest for the Orb.
     0 | D        | Reached XP level 1. HP: 9/9 MP: 5/5
    14 | D        | Noticed Jessica
    19 | D        | Killed Jessica
    19 | D        | Reached skill level 1 in Fighting
    19 | D        | Reached skill level 1 in Armour
    19 | D        | Reached skill level 5 in Stealth
    19 | D        | Reached skill level 1 in Evocations
    19 | D        | Reached XP level 2. HP: 8/14 MP: 2/8
    34 | D        | Learned a level 2 spell: Ensorcelled Hibernation
   191 | D        | Reached skill level 5 in Dodging
   191 | D        | Reached skill level 6 in Stealth
   191 | D        | Reached XP level 3. HP: 12/18 MP: 3/9
   196 | D        | Learned a level 3 spell: Confuse
   200 | D        | Learned a level 3 spell: Tukima's Dance
   257 | D        | Killed a white draconian scorcher
   257 | D        | Killed a white draconian scorcher
   307 | D        | Gained mutation: Your spells are a little easier to cast, but a little less powerful. [potion of mutation]
   307 | D        | Gained mutation: Your muscles are strong. (Str +2) [potion of mutation]
   307 | D        | Gained mutation: You have large cloven feet. [potion of mutation]
   308 | D        | Gained mutation: You are partially covered in rough black scales (AC +4, Dex -1). [potion of mutation]
   308 | D        | Gained mutation: You are agile. (Dex +2) [potion of mutation]
   328 | D        | Noticed a water elemental
   330 | D        | Killed a water elemental
   330 | D        | Reached skill level 7 in Stealth
   330 | D        | Reached skill level 5 in Spellcasting
   330 | D        | Reached skill level 1 in Ice Magic
   330 | D        | Reached XP level 4. HP: 23/23 MP: 10/12
   335 | D        | Learned a level 3 spell: Dazzling Spray
   354 | D        | Noticed a jelly
   354 | D        | Killed a yaktaur
   355 | D        | Noticed a shadow
   357 | D        | Killed a shadow
   357 | D        | Reached skill level 5 in Short Blades
   357 | D        | Reached skill level 8 in Stealth
   357 | D        | Reached skill level 1 in Conjurations
   357 | D        | Reached skill level 5 in Hexes
   357 | D        | Reached XP level 5. HP: 27/27 MP: 12/14
   357 | D        | Reached XP level 6. HP: 32/32 MP: 13/16
   361 | D        | Killed a jelly
   371 | D        | Killed a yaktaur
   380 | D        | Found a stormy altar of Qazlal.
   381 | D        | Found a sacrificial altar of Ru.
   381 | D        | Found a burning altar of Makhleb.
   381 | D        | Found a viscous altar of Jiyva.
   381 | D        | Found a shimmering altar of Xom.
   381 | D        | Found a shadowy altar of Dithmenos.
   381 | D        | Found a sparkling altar of Nemelex Xobeh.
   381 | D        | Found a corrupted altar of Lugonu.
   381 | D        | Found an opulent altar of Gozag.
   381 | D        | Noticed a spatial vortex
   385 | D        | Became a worshipper of Dithmenos the Shadowed
   391 | D        | Killed a spatial vortex
   391 | D        | Reached skill level 9 in Stealth
   391 | D        | Reached skill level 1 in Invocations
   634 | D        | Found a radiant altar of Vehumet.
   635 | D        | Found a deep blue altar of Sif Muna.
   635 | D        | Found an ancient bone altar of Kikubaaqudgha.
   635 | D        | Noticed a wizard
   636 | D        | Killed a wizard
   652 | D        | Learned a level 3 spell: Spectral Weapon
   655 | D        | Learned a level 2 spell: Shroud of Golubria
   663 | D        | Found a glowing silver altar of Zin.
   664 | D        | Found a glowing golden altar of the Shining One.
   664 | D        | Found a white marble altar of Elyvilon.
   664 | D        | Noticed a deep elf priest
   666 | D        | Killed a deep elf priest
   666 | D        | Reached * piety under Dithmenos
   666 | D        | Reached skill level 10 in Stealth
   666 | D        | Reached skill level 1 in Charms
   666 | D        | Reached skill level 5 in Evocations
   666 | D        | Reached XP level 7. HP: 36/36 MP: 19/19
   674 | D        | Learned a level 3 spell: Regeneration
   688 | D        | Found an iron altar of Okawaru.
   689 | D        | Found a bloodstained altar of Trog.
   689 | D        | Noticed a human
   689 | D        | Noticed a human
   697 | D        | Killed a human
   785 | D        | Killed a human
   785 | D        | Reached skill level 1 in Necromancy
   939 | D        | Found a snail-covered altar of Cheibriados.
   939 | D        | Noticed a necrophage
   940 | D        | Noticed a necromancer
   961 | D        | Killed a necrophage
   961 | D        | Reached ** piety under Dithmenos
   961 | D        | Reached skill level 10 in Dodging
   961 | D        | Reached XP level 8. HP: 37/41 MP: 13/21
   962 | D        | Found a basalt altar of Yredelemnul.
   962 | D        | Found a blossoming altar of Fedhas.
   966 | D        | Killed a necromancer
  1124 | D        | Noticed Josephine
  1127 | D        | Killed Josephine
  1127 | D        | Reached skill level 11 in Stealth
  1170 | D        | Noticed an earth elemental
  1173 | D        | Killed an earth elemental
  1178 | D        | Noticed a centaur
  1178 | D        | Noticed a centaur warrior
  1178 | D        | Noticed a centaur
  1180 | D        | Killed a centaur
  1180 | D        | Reached XP level 9. HP: 45/45 MP: 21/23
  1182 | D        | Killed a centaur warrior
  1182 | D        | Reached *** piety under Dithmenos
  1182 | D        | Reached skill level 12 in Stealth
  1182 | D        | Reached skill level 10 in Spellcasting
  1182 | D        | Reached skill level 5 in Charms
  1182 | D        | Reached skill level 5 in Translocations
  1183 | D        | Killed a centaur
  1198 | D        | Noticed an unseen horror
  1200 | D        | Killed an unseen horror
  1332 | D        | Noticed a killer bee
  1332 | D        | Noticed a killer bee
  1332 | D        | Noticed a killer bee
  1332 | D        | Noticed a killer bee
  1332 | D        | Noticed a killer bee
  1332 | D        | Noticed a killer bee
  1332 | D        | Noticed a killer bee
  1332 | D        | Noticed a killer bee
  1332 | D        | Noticed a killer bee
  1332 | D        | Noticed a killer bee
  1332 | D        | Noticed a killer bee
  1332 | D        | Noticed a killer bee
  1332 | D        | Noticed a killer bee
  1332 | D        | Noticed a killer bee
  1332 | D        | Noticed a killer bee
  1333 | D        | Noticed a killer bee
  1333 | D        | Noticed a killer bee
  1333 | D        | Noticed a killer bee
  1333 | D        | Noticed a killer bee
  1333 | D        | Noticed a killer bee
  1333 | D        | Noticed a killer bee
  1333 | D        | Noticed a killer bee
  1333 | D        | Noticed a killer bee
  1333 | D        | Noticed a killer bee
  1333 | D        | Noticed a killer bee
  1333 | D        | Noticed a killer bee
  1333 | D        | Noticed a killer bee
  1333 | D        | Noticed a killer bee
  1333 | D        | Noticed a killer bee
  1333 | D        | Noticed a queen bee
  1333 | D        | Noticed a killer bee
  1333 | D        | Noticed a killer bee
  1333 | D        | Noticed a killer bee
  1337 | D        | Killed a killer bee
  1343 | D        | Killed a killer bee
  1343 | D        | Reached skill level 13 in Stealth
  1345 | D        | Killed a killer bee
  1345 | D        | Reached **** piety under Dithmenos
  1347 | D        | Killed a killer bee
  1350 | D        | Killed a killer bee
  1352 | D        | Killed a killer bee
  1489 | D        | Killed a killer bee
  1491 | D        | Killed a killer bee
  1496 | D        | Killed a killer bee
  1496 | D        | Reached ***** piety under Dithmenos
  1501 | D        | Killed a killer bee
  1504 | D        | Killed a killer bee
  1680 | D        | Killed a killer bee
  1685 | D        | Killed a killer bee
  1688 | D        | Killed a killer bee
  1693 | D        | Killed a killer bee
  1698 | D        | Killed a killer bee
  1698 | D        | Reached XP level 10. HP: 45/51 MP: 14/25
  1699 | D        | Killed a killer bee
  1700 | D        | Killed a killer bee
  1705 | D        | Killed a killer bee
  1706 | D        | Killed a killer bee
  1707 | D        | Killed a killer bee
  1709 | D        | Killed a killer bee
  1717 | D        | Killed a killer bee
  1720 | D        | Killed a killer bee
  1741 | D        | Killed a killer bee
  1741 | D        | Reached ****** piety under Dithmenos
  1876 | D        | Killed a killer bee
  1879 | D        | Killed a queen bee
  1879 | D        | Reached skill level 5 in Fighting
  1881 | D        | Killed a killer bee
  1883 | D        | Killed a killer bee
  1887 | D        | Killed a killer bee
  1889 | D        | Killed a killer bee
  1889 | D        | Reached skill level 10 in Short Blades
  1892 | D        | Killed a killer bee
  1895 | D        | Killed a killer bee
  2013 | D        | Noticed a wandering mushroom
  2014 | D        | Noticed a wandering mushroom
  2014 | D        | Noticed a wandering mushroom
  2015 | D        | Killed a wandering mushroom
  2020 | D        | Killed a wandering mushroom
  2020 | D        | Reached skill level 14 in Stealth
  2049 | D        | Killed a wandering mushroom
  2167 | D        | Noticed a spiny frog
  2167 | D        | Noticed a komodo dragon
  2167 | D        | Noticed a spiny frog
  2172 | D        | Killed a spiny frog
  2174 | D        | Killed a spiny frog
  2178 | D        | Killed a komodo dragon
  2203 | D        | Noticed a redback
  2205 | D        | Killed a redback
  2205 | D        | Reached skill level 5 in Ice Magic
  2206 | D        | Noticed a brain worm
  2209 | D        | Killed a brain worm
  2212 | D        | Noticed a brain worm
  2214 | D        | Killed a brain worm
  2217 | D        | Noticed a lindwurm
  2219 | D        | Noticed a redback
  2220 | D        | Killed a lindwurm
  2222 | D        | Killed a redback
  2226 | D        | Noticed a redback
  2227 | D        | Killed a redback
  2228 | D        | Noticed Maud
  2230 | D        | Killed Maud
  2230 | D        | Reached skill level 5 in Armour
  2230 | D        | Reached skill level 15 in Stealth
  2230 | D        | Reached XP level 11. HP: 56/56 MP: 27/27
  2233 | D        | Noticed an electric eel
  2236 | D        | Noticed a five-headed hydra
  2236 | D        | Noticed a five-headed hydra
  2237 | D        | Killed an electric eel
  2239 | D        | Killed a five-headed hydra
  2240 | D        | Killed a five-headed hydra
  2240 | D        | Reached skill level 5 in Necromancy
  2247 | D        | Noticed a death drake
  2249 | D        | Killed a death drake
  2256 | D        | Found a blossoming altar of Fedhas.
  2256 | D        | Noticed a spriggan
  2256 | D        | Noticed a spriggan druid
  2256 | D        | Noticed a spriggan
  2258 | D        | Killed a spriggan druid
  2258 | D        | Reached skill level 5 in Conjurations
  2259 | D        | Killed a spriggan
  2260 | D        | Killed a spriggan
  2341 | D        | Found Udwair's Distillery.
  2341 | D        | Found Zuibiany's Gadget Shop.
  2341 | D        | Found Cekkox's Antique Weapon Shoppe.
  2341 | D        | Noticed an ice dragon
  2442 | D        | Noticed an ice dragon
  2450 | D        | Killed an ice dragon
  2450 | D        | Reached skill level 16 in Stealth
  2717 | D        | Noticed an ice dragon
  2720 | D        | Killed an ice dragon
  2737 | D        | Killed an ice dragon
  2747 | D        | Noticed an ice dragon
  2758 | D        | Noticed a four-headed hydra simulacrum
  2762 | D        | Killed an ice dragon
  2774 | D        | Noticed a six-headed hydra
  2780 | D        | Killed a six-headed hydra
  2780 | D        | Reached skill level 15 in Dodging
  2789 | D        | Killed a four-headed hydra simulacrum
  2808 | D        | Got a decaying rune of Zot
  3078 | D        | Noticed a swamp drake
  3078 | D        | Noticed a fire drake
  3079 | D        | Killed a fire drake
  3081 | D        | Killed a swamp drake
  3088 | D        | Noticed a blink frog
  3089 | D        | Noticed a blink frog
  3089 | D        | Noticed a blink frog
  3089 | D        | Noticed a blink frog
  3089 | D        | Noticed a blink frog
  3091 | D        | Killed a blink frog
  3094 | D        | Killed a blink frog
  3096 | D        | Killed a blink frog
  3099 | D        | Killed a blink frog
  3099 | D        | Reached XP level 12. HP: 62/62 MP: 13/30
  3101 | D        | Killed a blink frog
  3230 | D        | Noticed Rupert
  3235 | D        | Killed Rupert
  3235 | D        | Reached skill level 17 in Stealth
  3235 | D        | Reached skill level 10 in Hexes
  3235 | D        | Reached skill level 10 in Charms
  3235 | D        | Reached skill level 10 in Evocations
  3242 | D        | Noticed a death yak
  3243 | D        | Noticed a death yak
  3243 | D        | Noticed a blink frog
  3244 | D        | Noticed an azure jelly
  3244 | D        | Noticed a death yak
  3244 | D        | Noticed an azure jelly
  3244 | D        | Noticed a blink frog
  3244 | D        | Noticed a death yak
  3245 | D        | Killed a death yak
  3246 | D        | Killed a death yak
  3247 | D        | Killed a blink frog
  3247 | D        | Reached skill level 10 in Translocations
  3248 | D        | Noticed a blink frog
  3248 | D        | Noticed a black mamba
  3249 | D        | Killed a death yak
  3250 | D        | Noticed a black mamba
  3251 | D        | Killed a death yak
  3252 | D        | Killed a blink frog
  3253 | D        | Killed a blink frog
  3255 | D        | Killed a black mamba
  3256 | D        | Killed a black mamba
  3259 | D        | Noticed a kraken
  3260 | D        | Noticed a snapping turtle
  3264 | D        | Noticed a snapping turtle
  3390 | D        | Killed a snapping turtle
  3399 | D        | Killed a yaktaur
  3546 | D        | Killed a snapping turtle
  3760 | D        | Killed a kraken
  3843 | D        | Noticed an alligator snapping turtle
  3843 | D        | Noticed an alligator snapping turtle
  3844 | D        | Noticed a snapping turtle
  3844 | D        | Noticed an alligator snapping turtle
  3844 | D        | Found Bypruofiulo's Food Shop.
  3844 | D        | Found Guofuih's Antique Weapon Boutique.
  3844 | D        | Found Bead's Book Shoppe.
  4097 | D        | Killed an alligator snapping turtle
  4097 | D        | Reached skill level 18 in Stealth
  4128 | D        | Killed a snapping turtle
  4141 | D        | Killed an alligator snapping turtle
  4157 | D        | Killed an alligator snapping turtle
  4168 | D        | Got a barnacled rune of Zot
  4237 | D        | Noticed an azure jelly
  4237 | D        | Noticed an azure jelly
  4238 | D        | Noticed an elephant
  4238 | D        | Noticed an elephant
  4238 | D        | Noticed a dire elephant
  4238 | D        | Noticed a dire elephant
  4238 | D        | Noticed Gastronok
  4240 | D        | Killed Gastronok
  4240 | D        | Reached XP level 13. HP: 67/67 MP: 32/32
  4241 | D        | Killed a dire elephant
  4243 | D        | Killed a dire elephant
  4247 | D        | Killed an elephant
  4249 | D        | Killed an elephant
  4355 | D        | Noticed an orc wizard
  4355 | D        | Noticed an orc priest
  4355 | D        | Noticed an orc priest
  4355 | D        | Noticed an orc priest
  4356 | D        | Noticed an orc priest
  4356 | D        | Noticed an orc high priest
  4356 | D        | Noticed an orc warrior
  4356 | D        | Noticed an orc priest
  4359 | D        | Killed an orc priest
  4360 | D        | Killed an orc priest
  4361 | D        | Noticed an orc wizard
  4361 | D        | Noticed an orc wizard
  4361 | D        | Noticed an orc warrior
  4361 | D        | Killed an orc priest
  4364 | D        | Killed an orc priest
  4366 | D        | Killed an orc wizard
  4367 | D        | Killed an orc warrior
  4368 | D        | Found Ekutulok's Weapon Shoppe.
  4374 | D        | Killed an orc high priest
  4376 | D        | Killed an orc warrior
  4379 | D        | Killed an orc wizard
  4381 | D        | Killed an orc priest
  4387 | D        | Killed an orc wizard
  4651 | D        | Bought a book of Clouds for 630 gold pieces
  4655 | D        | Learned a level 3 spell: Mephitic Cloud
  4662 | D        | Learned a level 6 spell: Freezing Cloud
  4669 | D        | Learned a level 6 spell: Poisonous Cloud
  4787 | D        | Noticed a deep elf priest
  4787 | D        | Noticed a deep elf priest
  4787 | D        | Noticed a deep elf conjurer
  4787 | D        | Noticed a deep elf priest
  4787 | D        | Noticed a deep elf summoner
  4794 | D        | Noticed a deep elf annihilator
  4796 | D        | Noticed a deep elf conjurer
  4796 | D        | Killed a deep elf conjurer
  4796 | D        | Reached skill level 15 in Spellcasting
  4803 | D        | Killed a deep elf priest
  4815 | D        | Killed a deep elf summoner
  4815 | D        | Reached skill level 1 in Poison Magic
  4821 | D        | Killed a deep elf priest
  4822 | D        | Killed a deep elf priest
  4822 | D        | Reached skill level 19 in Stealth
  4932 | D        | Noticed a deep elf annihilator
  4932 | D        | Noticed a deep elf death mage
  4935 | D        | Noticed a deep elf high priest
  4937 | D        | Killed a deep elf annihilator
  4937 | D        | Reached skill level 1 in Air Magic
  4938 | D        | Noticed a deep elf annihilator
  4940 | D        | Killed a deep elf death mage
  4941 | D        | Noticed a deep elf blademaster
  5023 | D        | Killed a deep elf high priest
  5026 | D        | Got a faintly glowing short sword {venom}
  5028 | D        | Identified the +10 short sword "Vuhu" {venom, +Fly rElec rF+ MP+9} (You took it off a deep elf high priest in the Dungeon)
  5292 | D        | Killed a deep elf annihilator
  5296 | D        | Killed a deep elf conjurer
  5306 | D        | Killed a deep elf blademaster
  5316 | D        | Killed from afar by a deep elf annihilator

Vault maps used:
D:        dungeon_sprint_mu

Action                   |  1- 3 |  4- 6 |  7- 9 | 10-12 | 13-15 || total
-------------------------+-------+-------+-------+-------+-------++-------
Melee: Dagger            |    16 |     6 |    98 |   145 |    38 ||   303
       Short sword       |       |       |       |       |    15 ||    15
 Cast: Corona            |     3 |       |     4 |     2 |     1 ||    10
       Ensorcelled Hiber |     1 |       |    20 |    35 |     5 ||    61
       Dazzling Spray    |       |     2 |    10 |    52 |    30 ||    94
       Confuse           |       |       |     9 |     8 |     2 ||    19
       Shroud of Golubri |       |       |     2 |       |     2 ||     4
       Spectral Weapon   |       |       |     1 |       |       ||     1
       Mephitic Cloud    |       |       |       |       |     1 ||     1
Invok: Shadow Step       |       |       |     1 |    18 |       ||    19
 Abil: Evoke Invisibilit |     1 |       |     1 |     5 |     1 ||     8
       Turn Visible      |       |       |       |     1 |       ||     1
       Evoke Flight      |       |       |       |       |     1 ||     1
  Use: Scroll            |     3 |       |       |       |       ||     3
       Potion            |     2 |       |       |     4 |     1 ||     7
 Stab: Sleeping          |     5 |     6 |    14 |    51 |     5 ||    81
       Invisible         |     1 |       |     6 |    10 |    12 ||    29
       Confused          |       |       |     3 |     9 |     3 ||    15
  Eat: Bread ration      |       |       |       |     1 |       ||     1
